 Dungeon Crawl Stone Soup version 0.24-a0-484-g962a3eeff7 (webtiles) character file.

Game seed: 1572200541561947868

354 Mrkan the Chopper (level 6, -9/56 HPs)
             Began as a Hill Orc Abyssal Knight on July 9, 2019.
             Was a Believer of Lugonu.
             Mangled by Prince Ribbit (15 damage)
             ... on level 7 of the Dungeon.
             The game lasted 00:08:16 (5317 turns).

Mrkan the Chopper (Hill Orc Abyssal Knight)         Turns: 5317, Time: 00:08:16

Health: -9/56      AC:  4    Str: 17    XL:     6   Next: 62%
Magic:  9/9        EV:  9    Int: 17    God:    Lugonu [**....]
Gold:   115        SH:  0    Dex: 10    Spells: 5/5 levels left

rFire    . . .     SeeInvis .   e - +0 broad axe
rCold    . . .     Gourm    .   (no shield)
rNeg     . . .     Faith    .   g - +0 scale mail
rPois    .         Spirit   .   n - +0 helmet
rElec    .         Reflect  .   i - +0 cloak
rCorr    .         Harm     .   (no gloves)
MR       .....                  (no boots)
Stlth    ..........             (no amulet)
HPRegen  0.18/turn              (no ring)
MPRegen  0.11/turn              (no ring)

@: brilliant, corroded, very slightly contaminated
A: no striking features
a: Depart the Abyss, Bend Space, Renounce Religion


You were on level 7 of the Dungeon.
You worshipped Lugonu.
Lugonu was pleased with you.
You were hungry.

You visited 1 branch of the dungeon, and saw 5 of its levels.
You visited the Abyss 1 time.

You collected 115 gold pieces.

Inventory:

Hand Weapons
 e - a +0 broad axe (weapon)
Missiles
 k - 74 stones (quivered)
Armour
 g - a +0 scale mail (worn)
 i - a +0 cloak (worn)
 n - a +0 helmet (worn)
Jewellery
 j - an uncursed amulet of magic regeneration
 m - an uncursed ring of poison resistance
Wands
 d - a wand of flame (9)
Scrolls
 b - 3 scrolls of remove curse
 f - 4 scrolls of identify
 h - 2 scrolls of magic mapping
Potions
 o - a potion of mutation {unknown}
 q - a potion of brilliance
Comestibles
 c - 7 rations


   Skills:
 + Level 5.2 Fighting
 * Level 6.7 Axes
 - Level 2.1 Armour
 - Level 0.7 Dodging
 + Level 4.8 Invocations


You had 5 spell levels left.
You didn't know any spells.
Your spell library contained the following spells:

 Spells                   Type           Power        Failure   Level  Hunger
 Animate Skeleton         Necr           N/A          10%         1    ##.....
 Pain                     Necr           ##..         10%         1    ##.....
 Regeneration             Chrm/Necr      ##........   24%         3    ####...
 Vampiric Draining        Necr           ##........   24%         3    ####...
 Animate Dead             Necr           N/A          56%         4    #####..


Dungeon Overview and Level Annotations

Branches:
Dungeon (4/15)
 Temple: D:4-7

Altars:
Ashenzari
Vehumet

Annotations:
D:7 Prince Ribbit


Message History

As you read the scroll labeled WAFUL RYBAI, it crumbles to dust.
You feel aware of your surroundings.
You sensed 1 altar.
It was a scroll of magic mapping.
The jelly hits you.
You are splashed with acid!
* * * LOW HITPOINT WARNING * * *
As you read the scroll labeled TUZXUHEATE, it crumbles to dust.
It is a scroll of amnesia.
You feel forgetful for a moment. The jelly hits you but does no damage.
You miss Prince Ribbit.
Prince Ribbit is lightly wounded.
You slash the jelly!
You kill the jelly!
Lugonu accepts your kill. Prince Ribbit hits you.
* * * LOW HITPOINT WARNING * * *
Prince Ribbit barely misses you.
It was a potion of brilliance.
You feel clever all of a sudden. Prince Ribbit hits you!
You die...

*,,,,,*****
*,,,,,,,,,****
*********,,,,##*
****,,.## ***..#
#############.####
#o5.o5JW....5.....
#O###########.####
#@# ###.#*** #F#
#....,,, #.#
#.##.#** #.#
##O#*.#** #.#
#..#*..,, *#.#
#####5##*##**
***..# #.....#
#,,.## #5#####
##### #.*** ###.#
#.†..


You could see Prince Ribbit, an ogre, an orc wizard and a crimson imp.

Vanquished Creatures
  A bullfrog (D:7)
  A jelly (D:7)
  A hound (D:7)
  Natasha (twice) (D:3)
  A worker ant (D:4)
  6 adders
  7 worms
  A dart slug (D:1)
  3 leopard geckos
  10 orcs (D:3)
  A ball python (D:2)
  2 giant cockroaches
  9 goblins
  6 hobgoblins
  2 jackals (D:3)
  2 quokkas
  5 bats
  3 frilled lizards (D:1)
  7 kobolds
  A leopard gecko skeleton (D:4)
  7 rats
78 creatures vanquished.

Vanquished Creatures (others)
  A leopard gecko (D:2)
  2 hobgoblins (D:2)
3 creatures vanquished.

Grand Total: 81 creatures vanquished

Notes
Turn   | Place    | Note
-------+----------+-------------------------------------------
     0 | Abyss:1  | Mrkan the Hill Orc Abyssal Knight began the quest for the
                  | Orb.
     0 | Abyss:1  | Reached XP level 1. HP: 19/19 MP: 2/2
    24 | Abyss:2  | Noticed a wretched star
    38 | Abyss:2  | Noticed a small abomination
    41 | Abyss:2  | Noticed a large abomination
    45 | D:1      | Escaped the Abyss
  1664 | D:1      | Reached skill level 3 in Axes
  1698 | D:1      | Reached XP level 2. HP: 19/27 MP: 4/4
  2080 | D:1      | Reached * piety under Lugonu
  2522 | D:2      | Found a shattered altar of Ashenzari.
  2776 | D:2      | Reached XP level 3. HP: 33/33 MP: 5/5
  3435 | D:2      | Reached skill level 4 in Axes
  3592 | D:2      | Found a radiant altar of Vehumet.
  3724 | D:2      | Reached XP level 4. HP: 35/40 MP: 6/6
  4129 | D:3      | Reached ** piety under Lugonu
  4130 | D:3      | Noticed Natasha
  4137 | D:3      | Killed Natasha
  4137 | D:3      | Reached skill level 5 in Axes
  4137 | D:3      | Reached XP level 5. HP: 18/47 MP: 7/7
  4647 | D:3      | Noticed Natasha
  4652 | D:3      | Killed Natasha
  4976 | D:4      | Reached skill level 6 in Axes
  4976 | D:4      | Reached XP level 6. HP: 31/55 MP: 9/9
  5223 | D:4      | You fall into a shaft and drop 3 floors!
  5241 | D:7      | Reached skill level 5 in Fighting
  5275 | D:7      | Noticed a hungry ghost
  5306 | D:7      | Noticed Prince Ribbit
  5317 | D:7      | Mangled by Prince Ribbit

Levels and vault maps discovered:
D:1:      psy_arrival_statuary, layout_loops_corners
D:2:      layout_rooms, nicolae_ashenzari_panopticon, fiery_altar_vehumet,
          first_ration
D:3:      layout_loops_cross, kennysheep_generic_room_15, uniq_natasha
D:4:      layout_loops_ring, yredelemnul_forgotten_temple_becter,
          overflow_temple_1_default, chequers_ossuary_entry_cave,
          uniq_blork_the_orc
D:7:      layout_rooms, kennysheep_mini, uniq_prince_ribbit1

Skill      XL: |  1  2  3  4  5  6 |
---------------+-------------------+-----
Axes           | 3 4 5 6 |  6.7
Fighting       | 4 5 |  5.2
Invocations    | 3 4 |  4.8
Armour         | |  2.1
Dodging        | |  0.7

Action                   |  1- 3 |  4- 6 || total
-------------------------+-------+-------++-------
Melee: Broad axe         |   140 |   157 ||   297
Invok: Depart the Abyss  |     1 |       ||     1
  Use: Scroll            |       |     5 ||     5
       Potion            |       |     3 ||     3
  Eat: Ration            |     1 |       ||     1
       Chunk             |     5 |     5 ||    10
Armor: Scale mail        |    84 |    97 ||   181
       Leather armour    |     2 |       ||     2
Dodge: Dodged            |    80 |    76 ||   156

Table legend:
 A = Non-vault XP
 B = Vault XP
 C = Vault XP percentage of total XP
 D = Non-vault monster count
 E = Vault monster count
 F = Vault count percentage of total count
                 A         B        C        D         E       F
            +---------+---------+-------+---------+---------+-------
      Total |     471 |      35 |   6.9 |      77 |       1 |   1.3
            +---------+---------+-------+---------+---------+-------
        D:1 |      27 |       0 |   0.0 |      17 |       0 |   0.0
        D:2 |      78 |       0 |   0.0 |      20 |       0 |   0.0
        D:3 |     151 |      35 |  18.8 |      33 |       1 |   2.9
        D:4 |      34 |       0 |   0.0 |       2 |       0 |   0.0
        D:7 |     181 |       0 |   0.0 |       5 |       0 |   0.0
            +---------+---------+-------+---------+---------+-------
